 Dungeon Crawl Stone Soup version 0.26-a0-227-g1af32d979d (webtiles) character file.

Game seed: 11526485198284369494

(classic levelgen) 178486 EnegeticOcto the Slicer (level 17, -6/133 HPs)
             Began as a Mummy Wanderer on July 7, 2020.
             Was the Champion of Fedhas.
             Mangled by a tarantella (10 damage)
             ... on level 4 of the Spider Nest.
             The game lasted 01:26:30 (48858 turns).

EnegeticOcto the Slicer (Mummy Wanderer)           Turns: 48858, Time: 01:26:30

Health: -6/133     AC: 27    Str: 11 (12) XL:     17   Next: 57%
Magic:  26/26      EV: 11    Int: 23      God:    Fedhas [******]
Gold:   125        SH:  0    Dex: 15 (16) Spells: 23/26 levels left

rFire    x . .     SeeInvis .   a - +7 captain's cutlass {speed, disarm}
rCold    + . .     Faith    .   t - +1 tower shield {AC+3}
rNeg     + + +     Spirit   .   E - +0 acid dragon scales
rPois    ∞         Reflect  +   J - +2 helmet {Int+3}
rElec    .         Harm     .   p - scarf {+Inv}
rCorr    +                      I - +2 pair of gloves {Dex+3}
MR       ++...                  l - +1 pair of boots
Stlth    +.........             V - amulet of reflection
HPRegen  0.32/turn              X - +4 ring of protection
MPRegen  0.20/turn              g - +4 ring of protection

@: confused, studying Invocations
A: no food or potions, fire vulnerability, cold resistance 1, negative energy
resistance 3, torment resistance, unbreathing, in touch with death 1
a: Wall of Briars, Grow Ballistomycete, Overgrow, Grow Oklob, Renounce Religion,
Evoke Invisibility


You were on level 4 of the Spider Nest.
You worshipped Fedhas.
Fedhas was exalted by your worship.
You were not hungry.

You visited 5 branches of the dungeon, and saw 30 of its levels.
You also visited: Trove.

You collected 2636 gold pieces.
You spent 2511 gold pieces at shops.

Inventory:

Hand Weapons
 a - the +7 captain's cutlass (weapon) {speed, disarm}
   (You found it in a treasure trove)

   Attacks with this weapon are significantly faster.
 b - a +8 quick blade
 c - the +10 short sword "Deebroj" {vorpal, MR+ Int+3}
   (You found it in a treasure trove)

   It inflicts extra damage upon your enemies.
   It affects your intelligence (+3).
   It affects your resistance to hostile enchantments.
 Z - the +5 dagger "Blob" {chaos, rC+ Str+4}
   (You bought it in a shop on level 2 of the Orcish Mines)

   Each time it hits an enemy it has a different, random effect.
   It affects your strength (+4).
   It protects you from cold.
Missiles
 h - 82 poisoned darts
 j - 573 arrows
 k - 8 datura-tipped darts
 n - 39 boomerangs (quivered)
 A - a throwing net {!f}
 D - 2 silver boomerangs
 F - 16 javelins
Armour
 l - a +1 pair of boots (worn)
 p - a scarf of invisibility (worn)
 t - a +1 tower shield of protection (worn)
 E - +0 acid dragon scales (worn)
 I - a +2 pair of gloves of dexterity (worn)
 J - a +2 helmet of intelligence (worn)
 R - +0 fire dragon scales
 Y - a +2 cloak of preservation
Magical Staves
 r - an uncursed staff of air
 w - an uncursed staff of wizardry
Jewellery
 g - a +4 ring of protection (right hand)
 i - an uncursed ring of protection from fire
 m - an uncursed ring of protection from magic
 T - an uncursed ring of protection from cold
 V - an amulet of reflection (around neck)
 W - an uncursed ring of protection from fire
 X - a +4 ring of protection (left hand)
Wands
 e - a wand of disintegration (18)
 s - a wand of clouds (3)
 v - a wand of digging (16) {@v3}
 x - a wand of paralysis (34)
 y - a wand of acid (26) {@v1}
 L - a wand of polymorph (5)
 M - a wand of iceblast (20) {@v2}
Scrolls
 d - 6 scrolls of fear {!r}
 f - 8 scrolls of amnesia
 q - a scroll of immolation
 z - 4 scrolls of remove curse {@r2}
 B - 8 scrolls of magic mapping {@r5 !r}
 G - 2 scrolls of silence
 H - a scroll of vulnerability
 K - a scroll of holy word
 N - 11 scrolls of teleportation {@r3 !r}
 O - a scroll of blinking {@r4}
 Q - a scroll of fog {!r}
 U - a scroll of torment
Books
 S - a manual of Invocations
Miscellaneous
 o - a box of beasts
 u - a tin of tremorstones (3/3)


   Skills:
 + Level 12.1 Fighting
 * Level 12.6 Short Blades
 + Level 5.0 Throwing
 * Level 7.3 Armour
 - Level 5.0 Dodging
 - Level 9.0 Stealth
 + Level 10.1 Shields
 - Level 5.0 Spellcasting
   Level 1.0 Hexes
 - Level 6.0 Translocations
 - Level 12.0 Invocations
 * Level 10.3 Evocations


You had 23 spell levels left.
You knew the following spells:

 Your Spells              Type           Power        Failure   Level
O - Summon Butterflies    Summ           #.......     67%         1
Y - Blink                 Tloc           N/A          12%         2

Your spell library contained the following spells:

 Spells                   Type           Power        Failure   Level
 Recall                   Summ/Tloc      N/A          63%         3
 Foxfire                  Conj/Fire      #...         67%         1
 Magic Dart               Conj           #...         67%         1
 Slow                     Hex            ##......     67%         2
 Call Imp                 Summ           #.......     80%         2
 Dazzling Flash           Conj/Hex       #.....       92%         3
 Call Canine Familiar     Summ           #.......     95%         3
 Conjure Flame            Conj/Fire      #.......     95%         3
 Mephitic Cloud           Conj/Pois/Air  #.......     95%         3
 Animate Dead             Necr           N/A          100%        4
 Summon Ice Beast         Ice/Summ       #.......     100%        4
 Aura of Abjuration       Summ           #.........   100%        5
 Borgnjor's Vile Clutch   Necr/Erth      #.........   100%        5
 Metabolic Englaciation   Hex/Ice        #.........   100%        5
 Summon Demon             Summ           #.........   100%        5
 Summon Forest            Summ/Tloc      ###.......   100%        5
 Summon Mana Viper        Hex/Summ       #.......     100%        5
 Death Channel            Necr           #.........   100%        6
 Freezing Cloud           Conj/Ice/Air   #.........   100%        6
 Ozocubu's Refrigeration  Ice            #.........   100%        6
 Shadow Creatures         Summ           N/A          100%        6
 Simulacrum               Ice/Necr       #.........   100%        6
 Haunt                    Necr/Summ      #.........   100%        7
 Malign Gateway           Summ/Tloc      ###.......   100%        7
 Monstrous Menagerie      Summ           #.........   100%        7
 Summon Greater Demon     Summ           #.........   100%        7
 Summon Hydra             Summ           #.........   100%        7
 Infestation              Necr           #.........   100%        8
 Summon Horrible Things   Summ           #.........   100%        8
 Ice Form                 Ice/Tmut       Unusable     N/A         4
 Borgnjor's Revivificati  Necr           Unusable     N/A         8
 Death's Door             Chrm/Necr      Unusable     N/A         8
 Necromutation            Tmut/Necr      Unusable     N/A         8

Dungeon Overview and Level Annotations

Branches:
Dungeon (15/15)            Temple (0/1) D:5            Lair (6/6) D:10
  Swamp (3/4) Lair:3       Spider (4/4) Lair:4        Slime (0/5) Lair:5
    Orc (2/2) D:10            Elf (0/3) Orc:2        Vaults (0/5) D:14
 Depths (0/5) D:15

Altars:
Fedhas
Qazlal
Zin
The Shining One
Beogh

Shops:
D:4 :   D:7 =   D:10 %   D:15 [(?!   Orc:2 %(:}

Annotations:
Lair:3 1 runed translucent door, exclusion: door, Punenop's ghost, journeyman DrAE


Innate Abilities, Weirdness & Mutations

You do not eat or drink.
Your flesh is vulnerable to fire.
You are immune to poison.
Your flesh is cold resistant. (rC+)
You are immune to negative energy. (rN+++)
You are immune to unholy pain and torment.
You can survive without breathing.
You are in touch with the powers of death.


Message History

You are more confused.
You're too confused to move!
The hornet misses you.
The hornet stings you but does no damage.
The tarantella bites you!
You are more confused.
The hornet stings you but does no damage.
The hornet closely misses you.
You puncture the tarantella!
The tarantella is moderately wounded.
The tarantella bites you. The hornet closely misses you.
The hornet barely misses you. The hornet stings you.
You see here a purple potion.
The hornet closely misses you. The hornet stings you!
The hornet completely misses you. The hornet stings you.
You puncture the hornet!
The hornet is moderately wounded.
The tarantella bites you but does no damage.
The hornet closely misses you. x2
The tarantella bites you.
The tarantella bites you but does no damage.
The tarantella bites you!
* * * LOW HITPOINT WARNING * * *
The hornet stings you but does no damage.
The tarantella bites you but does no damage.
The tarantella closely misses you.
You see here a hornet corpse.
The hornet stings you but does no damage.
You see here a tarantella corpse.
The tarantella completely misses you.
The hornet stings you but does no damage.
The hornet closely misses you. The tarantella barely misses you. x2
The hornet stings you but does no damage. x2
You see here a hornet corpse.
You puncture the hornet!
The hornet is heavily wounded.
The tarantella bites you!
* * * LOW HITPOINT WARNING * * *
The tarantella bites you!
* * * LOW HITPOINT WARNING * * *
You are more confused.
The hornet stings you but does no damage.
The hornet closely misses you. The tarantella barely misses you.
The tarantella bites you but does no damage.
You're too confused to move!
The hornet closely misses you.
The tarantella bites you but does no damage.
The tarantella barely misses you. The tarantella closely misses you.
The hornet barely misses you.
You puncture the tarantella!
The tarantella is almost dead.
The tarantella misses you.
You hit the tarantella but do no damage.
The hornet barely misses you.
The hornet stings you but does no damage.
The tarantella bites you but does no damage.
The tarantella bites you.
* * * LOW HITPOINT WARNING * * *
The hornet stings you but does no damage.
The hornet stings you.
* * * LOW HITPOINT WARNING * * *
The tarantella barely misses you. The tarantella completely misses you.
The tarantella bites you but does no damage.
You hit the tarantella.
The tarantella is lightly wounded.
The hornet stings you but does no damage.
The tarantella closely misses you. The hornet closely misses you. x2
The hornet stings you but does no damage.
You hit the hornet but do no damage.
The hornet is heavily wounded.
You're too confused to move!
The tarantella misses you.
The hornet stings you but does no damage. x3
The tarantella bites you.
* * * LOW HITPOINT WARNING * * *
The hornet stings you.
* * * LOW HITPOINT WARNING * * *
The tarantella bites you but does no damage.
The tarantella bites you but does no damage.
The tarantella bites you.
* * * LOW HITPOINT WARNING * * *
The hornet barely misses you. The tarantella barely misses you.
The hornet stings you but does no damage. x2
You hit the tarantella.
The tarantella is lightly wounded.
The tarantella bites you but does no damage.
The hornet stings you but does no damage.
The hornet barely misses you.
The tarantella bites you but does no damage.
The hornet stings you but does no damage.
The hornet closely misses you.
You're too confused to move!
The hornet stings you.
* * * LOW HITPOINT WARNING * * *
The hornet stings you but does no damage.
The tarantella closely misses you. The hornet stings you.
* * * LOW HITPOINT WARNING * * *
The tarantella bites you but does no damage. x2
The hornet stings you but does no damage.
The tarantella bites you!
You die...
Fedhas appreciates your contribution to the ecosystem.

#^..................#..^
####................#.##
#.^######...........###.
#...................#^..
#...........####...!#..#
##.^.^....###.....††#^.#
###########...(....†#.##
#.....#^.y..........###.
#......@ss..........^#..
#.......y............##.
#.....................##
#..................^.##.
#.^.....^......^.[...^#^
#....##.^.....#....<.^#.
###.##^..^....#......<#^
###........##......##.
#.......##.......#..


You could see 2 hornets and 2 tarantellas.

Vanquished Creatures
  Nikola (Spider:1)
  Frances (Swamp:1)
  Donald (Spider:1)
  2 ghost moths
  2 emperor scorpions
  3 entropy weavers
  An ettin (Orc:1)
  Snorg (Lair:5)
  3 fire dragons
  8 hydras
  A catoblepas (D:14)
  7 ogre magi
  31 two-headed ogres
  2 centaur warriors
  8 alligators
  An orc high priest (D:10)
  The ghost of hemabe71 the Charlatan, a novice HuAr of Trog (D:7)
  4 swamp dragons
  2 wizards
  A spriggan druid (Swamp:2)
  3 unseen horrors (D:14)
  Pikel (D:5)
  3 deep elf magi (D:15)
  11 orb spiders
  23 wolf spiders
  4 orc knights
  4 orc sorcerers
  2 ugly things (D:12)
  7 cyclopes
  10 elephants
  2 manticores (D:14)
  A guardian serpent (Lair:6)
  3 moths of wrath
  5 gargoyles
  Psyche (D:9)
  A centaur zombie (D:15)
  5 torpor snails
  14 black mambas
  19 cane toads
  9 rime drakes
  A kobold demonologist (D:12)
  9 demonic crawlers
  A freezing wraith (D:14)
  5 komodo dragons
  14 trolls
  A queen bee (D:7)
  15 hornets
  26 jumping spiders
  3 polar bears (Lair:3)
  8 tyrant leeches
  12 blink frogs
  2 bog bodies
  7 hippogriffs
  6 slime creatures (Swamp:2)
  4 dream sheep (Lair:6)
  Sigmund (D:2)
  3 shadows
  47 yaks
  5 spriggans
  A water elemental (D:14)
  9 wyverns
  56 redbacks
  25 tarantellas
  3 basilisks
  3 wraiths
  3 hogs (D:8)
  23 humans
  11 vampire mosquitoes
  11 steam dragons
  Menkaure (D:7)
  13 swamp worms
  14 insubstantial wisps
  27 water moccasins
  7 wargs
  4 acid dragons
  Duvessa (D:7)
  8 porcupines
  29 orc warriors
  5 ice beasts
  7 swamp drakes
  5 phantoms
  3 sky beasts
  2 hornet zombies
  2 eyes of draining
  2 black bears
  14 wolves
  4 boggarts (D:15)
  34 ogres
  12 centaurs
  16 crocodiles
  3 big kobolds
  20 bullfrogs
  A wyvern zombie (D:14)
  Dowan (D:7)
  4 scorpions
  24 killer bees
  8 wights
  4 howler monkeys
  2 vampire bats (Orc:2)
  2 electric eels
  3 jellies
  3 bullfrog zombies
  6 hounds
  16 orc priests
  A bullfrog skeleton (D:12)
  6 centaur skeletons
  19 orc wizards
  7 hell rats (Lair:3)
  2 iguanas
  Natasha (thrice) (D:2)
  6 worker ants
  7 gnolls
  11 adders
  3 shadow imps
  3 white imps
  3 ufetubi
  2 adder skeletons
  5 worms
  A dart slug (D:3)
  9 leopard geckos
  83 orcs
  3 giant cockroaches
  8 goblins
  6 hobgoblins
  5 jackals
  6 quokkas
  A ball python (D:2)
  15 bats
  5 frilled lizards
  12 kobolds
  A quokka zombie (D:7)
  26 rats
  2 ballistomycete spores
1092 creatures vanquished.

Vanquished Creatures (collateral kills)
  An ogre mage (Orc:2)
  A jumping spider (Spider:1)
  A warg (D:10)
  An orc (D:10)
  32 ballistomycete spores
36 creatures vanquished.

Vanquished Creatures (others)
  A thorn hunter (Swamp:2)
  A hydra (Swamp:2)
  2 vault guards (D:14)
  A shambling mangrove (Swamp:2)
  2 alligators (Swamp:2)
  An orb spider (Spider:1)
  2 oklob plants (Lair:5)
  A hornet (Swamp:2)
  A jumping spider (Spider:1)
  A tyrant leech (Swamp:2)
  A bog body (Swamp:1)
  A swamp worm (Swamp:2)
  A water moccasin (Lair:5)
  A swamp drake (Swamp:2)
  An orc priest (D:7)
  An orc wizard (D:10)
  6 orcs
  2 ballistomycete spores
  A bush (Lair:3)
  32 fungi
  41 plants
101 creatures vanquished.

Grand Total: 1229 creatures vanquished

Notes
Turn   | Place    | Note
-------+----------+-------------------------------------------
     0 | D:1      | EnegeticOcto the Mummy Wanderer began the quest for the
                  | Orb.
     0 | D:1      | EnegeticOcto set off with the following items: a +2 short
                  | sword, a +0 buckler, a +0 robe; and the following spell
                  | memorised: Foxfire; and the following spells available to
                  | memorise: Dazzling Flash
     0 | D:1      | Reached XP level 1. HP: 13/13 MP: 2/2
   243 | D:1      | Reached skill level 1 in Fighting
   366 | D:1      | Reached XP level 2. HP: 16/21 MP: 4/4
   836 | D:2      | Noticed Natasha
   979 | D:2      | HP: 1/21 [adder (5)]
  1342 | D:2      | Reached skill level 2 in Stealth
  1350 | D:2      | Reached XP level 3. HP: 21/27 MP: 5/5
  1620 | D:2      | Reached skill level 2 in Fighting
  1674 | D:2      | Noticed Sigmund
  2278 | D:2      | Killed Natasha
  2278 | D:2      | Reached skill level 3 in Stealth
  2278 | D:2      | Reached XP level 4. HP: 24/33 MP: 6/6
  2421 | D:2      | Noticed Natasha
  2443 | D:2      | Killed Natasha
  2716 | D:2      | Reached skill level 3 in Fighting
  3252 | D:2      | Reached XP level 5. HP: 35/41 MP: 7/7
  3591 | D:3      | Found a blossoming altar of Fedhas.
  3603 | D:3      | Became a worshipper of Fedhas Madash
  4090 | D:4      | Reached skill level 2 in Short Blades
  4303 | D:4      | Found Loafeog's Book Shoppe.
  4353 | D:4      | HP: 2/42 [orc priest/divine providence (13)]
  4401 | D:3      | HP: 2/42 [orc/+0 war axe (6)]
  4778 | D:4      | Identified the +2 robe of Aghyoh {*Corrode Str+5 Int+3}
  4805 | D:4      | Reached skill level 4 in Fighting
  5316 | D:4      | Reached XP level 6. HP: 8/48 MP: 8/8
  5634 | D:4      | Reached skill level 1 in Evocations
  5909 | D:4      | Reached * piety under Fedhas
  6071 | D:4      | Reached skill level 3 in Short Blades
  6533 | D:5      | Entered Level 5 of the Dungeon
  6545 | D:5      | Reached skill level 2 in Evocations
  6571 | D:5      | Reached XP level 7. HP: 54/54 MP: 9/9
  6718 | D:5      | Reached skill level 4 in Short Blades
  6718 | D:5      | Reached skill level 3 in Evocations
  6720 | D:5      | Reached ** piety under Fedhas
  6977 | D:5      | Found a staircase to the Ecumenical Temple.
  7057 | D:5      | Reached skill level 1 in Invocations
  7441 | D:5      | Reached XP level 8. HP: 60/60 MP: 10/10
  7684 | D:2      | Killed Sigmund
  7684 | D:2      | Reached skill level 2 in Invocations
  7684 | D:2      | Reached skill level 4 in Evocations
  8163 | D:2      | Noticed Natasha
  8173 | D:2      | Killed Natasha
  8342 | D:6      | Noticed Pikel
  8358 | D:5      | Killed Pikel
  8358 | D:5      | Reached skill level 5 in Short Blades
  8358 | D:5      | Reached skill level 3 in Invocations
  8594 | D:6      | Reached skill level 4 in Invocations
  8594 | D:6      | Reached skill level 5 in Evocations
  8612 | D:6      | Reached XP level 9. HP: 35/65 MP: 12/12
  8883 | D:6      | Reached skill level 6 in Short Blades
  9998 | D:7      | Noticed a queen bee
 10002 | D:7      | Noticed hemabe71's ghost (novice HuAr)
 10003 | D:7      | Found a transporter.
 10007 | D:7      | Found a transporter.
 10055 | D:7      | Reached skill level 6 in Evocations
 10062 | D:7      | Reached *** piety under Fedhas
 10185 | D:7      | Reached skill level 7 in Short Blades
 10443 | D:7      | Found Jautesim's Jewellery Shoppe.
 10479 | D:7      | Noticed Duvessa
 10489 | D:7      | Killed Duvessa
 10489 | D:7      | Noticed Dowan
 10501 | D:7      | Killed Dowan
 10533 | D:7      | Reached skill level 7 in Evocations
 10989 | D:7      | Noticed Menkaure
 10998 | D:7      | Killed Menkaure
 11257 | D:7      | Reached XP level 10. HP: 56/71 MP: 13/13
 11928 | D:8      | Noticed a two-headed ogre
 11947 | D:8      | Killed a two-headed ogre
 11947 | D:8      | Reached skill level 8 in Short Blades
 12002 | D:8      | Noticed a two-headed ogre
 12011 | D:8      | Killed a two-headed ogre
 12011 | D:8      | Reached skill level 8 in Evocations
 12381 | D:8      | Reached skill level 9 in Short Blades
 12753 | D:8      | Found a stormy altar of Qazlal.
 12993 | D:8      | Reached **** piety under Fedhas
 13301 | D:7      | Killed hemabe71's ghost
 13301 | D:7      | Reached skill level 2 in Shields
 13308 | D:7      | Reached XP level 11. HP: 55/78 MP: 14/14
 13490 | D:7      | Bought a +4 ring of protection for 468 gold pieces
 13569 | D:9      | Reached skill level 5 in Fighting
 13668 | D:9      | Reached skill level 5 in Invocations
 13775 | D:9      | Learned a level 2 spell: Blink
 13821 | D:9      | Noticed Psyche
 13964 | D:9      | Killed Psyche
 14411 | D:9      | Noticed a two-headed ogre
 14761 | D:10     | Entered Level 10 of the Dungeon
 15073 | D:10     | Reached skill level 3 in Shields
 15085 | D:10     | Found a staircase to the Orcish Mines.
 15268 | D:10     | Found Niveonko's Food Shop.
 15345 | D:10     | Reached skill level 3 in Translocations
 15369 | D:10     | Got a shimmering triple crossbow
 15544 | D:10     | Reached ***** piety under Fedhas
 15587 | D:10     | Found a staircase to the Lair.
 15823 | D:10     | Identified the +7 triple crossbow of the Shining Light
                  | {freeze, +Fly} (You found it on level 10 of the Dungeon)
 15888 | D:10     | Reached skill level 6 in Fighting
 16101 | D:10     | Noticed a two-headed ogre
 16109 | D:10     | Killed a two-headed ogre
 16109 | D:10     | Reached skill level 10 in Short Blades
 16604 | Lair:1   | Entered Level 1 of the Lair of Beasts
 16620 | Lair:1   | Reached skill level 6 in Invocations
 16629 | Lair:1   | Reached skill level 4 in Shields
 17281 | Lair:1   | Reached skill level 7 in Fighting
 17548 | Lair:1   | Reached XP level 12. HP: 82/91 MP: 17/17
 18036 | Lair:2   | Reached skill level 7 in Invocations
 18903 | Lair:3   | Found a runed translucent door.
 19016 | Lair:3   | Reached skill level 8 in Fighting
 19578 | Lair:3   | Reached skill level 11 in Short Blades
 19581 | Lair:3   | Reached skill level 8 in Invocations
 19920 | Lair:3   | Found a staircase to the Swamp.
 20007 | Lair:3   | Reached skill level 5 in Shields
 20214 | Lair:3   | Noticed Punenop's ghost (journeyman DrAE)
 20214 | Lair:3   | Identified the +1 trident of Yrchuph {antimagic, Dex+4}
 20608 | Lair:4   | Found a hole to the Spider Nest.
 20785 | Lair:4   | Got a transparent trident
 20982 | D:7      | Bought an uncursed amulet of reflection for 390 gold pieces
 21135 | Lair:1   | Reached skill level 6 in Shields
 21478 | Lair:4   | Reached ****** piety under Fedhas
 21492 | Lair:4   | Gained mutation: You are in touch with the powers of death.
                  | [Mummy growth]
 21492 | Lair:4   | Reached XP level 13. HP: 84/98 MP: 19/19
 21500 | Lair:4   | Noticed a fire dragon
 21512 | Lair:4   | Killed a fire dragon
 21843 | Lair:4   | Reached skill level 7 in Shields
 22275 | Lair:4   | Reached skill level 12 in Short Blades
 22484 | Lair:4   | Found a glowing silver altar of Zin.
 23072 | Lair:5   | Found the +15 Maxwell's patent armour {-Cast -Tele rElec
                  | MR+ rCorr}
 23512 | Lair:5   | Reached skill level 1 in Armour
 23591 | Lair:5   | Found a staircase to the Slime Pits.
 23624 | Lair:5   | Noticed Snorg
 23830 | Lair:5   | Killed Snorg
 24430 | Lair:5   | Got a crude trident
 24447 | Lair:6   | Entered Level 6 of the Lair of Beasts
 24498 | Lair:6   | Reached skill level 2 in Armour
 24534 | Lair:5   | Reached skill level 4 in Stealth
 24645 | Lair:6   | Reached skill level 8 in Shields
 25269 | Lair:6   | Reached skill level 3 in Armour
 25329 | Lair:6   | Reached skill level 9 in Fighting
 25812 | Lair:6   | Reached skill level 5 in Stealth
 26789 | Lair:5   | Found a staircase to the Slime Pits.
 26898 | Lair:5   | Reached XP level 14. HP: 108/108 MP: 20/20
 28280 | Orc:1    | Entered Level 1 of the Orcish Mines
 28337 | D:10     | Reached skill level 6 in Stealth
 28337 | D:10     | Reached skill level 9 in Shields
 28941 | Orc:1    | Reached skill level 10 in Fighting
 29239 | Orc:2    | Entered Level 2 of the Orcish Mines
 29427 | Orc:2    | Found a staircase to the Elven Halls.
 30028 | Orc:2    | Found a roughly hewn altar of Beogh.
 30180 | Orc:2    | Reached skill level 2 in Dodging
 30811 | Orc:2    | Reached skill level 3 in Dodging
 30811 | Orc:2    | Reached skill level 4 in Translocations
 30897 | Orc:2    | Found Apilyur's Gadget Emporium.
 30897 | Orc:2    | Found Ymenk's Book Boutique.
 30899 | Orc:2    | Found Tuidin's Food Shoppe.
 30899 | Orc:2    | Found Momaits's Antique Weapon Boutique.
 30920 | Orc:2    | Bought a slimy dagger for 231 gold pieces
 30921 | Orc:2    | Bought a wand of clouds (4) for 408 gold pieces
 31428 | Orc:1    | Reached skill level 7 in Stealth
 32607 | D:12     | Reached skill level 4 in Dodging
 32610 | D:12     | Reached skill level 9 in Invocations
 32630 | D:12     | Reached skill level 10 in Shields
 32630 | D:12     | Reached XP level 15. HP: 115/115 MP: 21/21
 33151 | D:12     | Reached skill level 5 in Translocations
 33566 | D:13     | Identified the +5 dagger "Blob" {chaos, rC+ Str+4} (You
                  | bought it in a shop on level 2 of the Orcish Mines)
 34522 | D:14     | Reached skill level 5 in Dodging
 34578 | D:14     | Reached skill level 8 in Stealth
 34752 | D:14     | Identified a scroll of acquirement
 34994 | D:14     | Reached skill level 6 in Translocations
 35053 | D:14     | Found a gate to the Vaults.
 35120 | D:14     | Found a portal to a secret trove of treasure.
 35150 | D:14     | Reached skill level 10 in Invocations
 35905 | D:14     | Reached skill level 9 in Stealth
 35924 | D:14     | Reached skill level 11 in Invocations
 36272 | D:15     | Entered Level 15 of the Dungeon
 36491 | D:15     | Found Kuetiupo's Magic Scroll Shoppe.
 36549 | D:15     | Found Gydeusk's Distillery.
 36728 | D:15     | Reached skill level 12 in Invocations
 36739 | D:15     | Reached skill level 2 in Spellcasting
 36758 | D:15     | Found Hatar's Weapon Shoppe.
 36960 | D:15     | Found Haroidgh's Armour Boutique.
 36967 | D:15     | Learned a level 1 spell: Summon Butterflies
 37042 | D:15     | Reached skill level 3 in Spellcasting
 37089 | D:15     | Reached XP level 16. HP: 104/122 MP: 25/25
 37091 | D:15     | Reached skill level 4 in Armour
 37094 | D:15     | Found a staircase to the Depths.
 37647 | Swamp:1  | Entered Level 1 of the Swamp
 37718 | Swamp:1  | Noticed a thorn hunter
 37725 | Swamp:1  | Reached skill level 4 in Spellcasting
 37850 | Swamp:1  | Noticed Frances
 37882 | Swamp:1  | Killed Frances
 38036 | Swamp:1  | Got a flickering crystal amulet
 38912 | Swamp:2  | Reached skill level 5 in Spellcasting
 39006 | Swamp:2  | Identified the amulet "Wiukic" {Inacc Int+2 Dex+5} (You
                  | found it on level 1 of the Swamp)
 39080 | Swamp:2  | Reached skill level 1 in Throwing
 39298 | Swamp:2  | Killed a thorn hunter
 39385 | Swamp:2  | Reached skill level 5 in Armour
 39677 | Swamp:2  | Reached skill level 11 in Fighting
 39680 | Swamp:2  | Reached skill level 2 in Throwing
 39680 | Swamp:2  | Reached skill level 9 in Evocations
 40190 | Swamp:2  | Identified the +4 trident "Henox" {vorpal, Fragile MR++
                  | Str+8 Dex-3} (You found it on level 4 of the Lair of
                  | Beasts)
 41336 | Swamp:3  | Found a glowing golden altar of the Shining One.
 41341 | Swamp:3  | Identified the cursed +1 trident of the Poles {chaos, rPois
                  | MP-9 Str+8 Dex+6} (You found it on level 5 of the Lair of
                  | Beasts)
 42007 | Spider:1 | Entered Level 1 of the Spider Nest
 42007 | Spider:1 | Noticed Donald
 42016 | Spider:1 | Reached skill level 3 in Throwing
 42029 | Spider:1 | Noticed Nikola
 42194 | Spider:1 | Killed Nikola
 42485 | Spider:1 | Reached skill level 6 in Armour
 43022 | Spider:1 | Killed Donald
 43452 | Spider:1 | Reached skill level 4 in Throwing
 43471 | Spider:1 | Reached XP level 17. HP: 104/133 MP: 26/26
 44551 | D:7      | Bought a +4 ring of slaying for 1014 gold pieces
 45132 | D:14     | You paid a toll of a +4 ring of slaying to enter a treasure
                  | trove
 45133 | Trove    | Entered a treasure trove
 45137 | Trove    | Found the +7 captain's cutlass {speed, disarm}
 45137 | Trove    | Found the +8 frozen axe "Frostbite" {freezing cloud, *Noise
                  | +Fly rC+}
 45138 | Trove    | Got an ebony short sword
 45148 | Trove    | Got a brightly glowing rapier
 45603 | Spider:2 | Identified the +4 rapier of the Tomato {freeze, Dex+5} (You
                  | found it in a treasure trove)
 46711 | Spider:3 | Reached skill level 12 in Fighting
 46799 | Spider:3 | Reached skill level 10 in Evocations
 47249 | Spider:4 | Entered Level 4 of the Spider Nest
 47444 | Spider:4 | Identified the +10 short sword "Deebroj" {vorpal, MR+
                  | Int+3} (You found it in a treasure trove)
 47472 | Spider:4 | Reached skill level 7 in Armour
 48324 | Spider:4 | Reached skill level 5 in Throwing
 48851 | Spider:4 | HP: 6/133 [tarantella (4)]
 48856 | Spider:4 | HP: 6/133 [hornet (1)]
 48858 | Spider:4 | Mangled by a tarantella

Illustrated notes

Levels and vault maps discovered:
D:1:      denvon_arrival_waterhouse, layout_basic, chequers_decorated_corner
D:2:      layout_loops_ring, minmay_puff, uniq_natasha, uniq_sigmund
D:3:      layout_rooms, fedhas_altar_3
D:4:      layout_layer_cave, serial_shops, shop_statue, first_ration,
          minmay_rat_hole
D:5:      layout_basic, minmay_temple_entry_glass
D:6:      layout_gridville, uniq_pikel
D:7:      minmay_opposing_rooms, layout_layer_cave, gammafunk_ghost_hive,
          minmay_shop_enchanted_jewellery, uniq_menkaure, uniq_duvessa
D:8:      layout_rooms, grunt_livestock, nicolae_qazlal_general_emergency
D:9:      layout_roguey, ebering_dispersal_statue_hall, lightli_minifort,
          uniq_psyche
D:10:     layout_stronghold, erik_lair_orcish_takeover, orc_0_dummy,
          serial_shops, nicolae_shop_competitors_out_of_business
D:11:     layout_long_grid
D:12:     layout_roguey
D:13:     layout_rooms, special_room [special_room_orc]
D:14:     dragon1_lemuel, layout_basic, grunt_vaults_entry_tiered,
          nicolae_trove_entry_crossroad, nrook_pool_corridor
D:15:     grunt_enter_depths_magical_seal, layout_basic, amethyst_killhole,
          serial_shops, nicolae_shop_crystal,
          nicolae_shop_temple_entry_statues_fountains, shop, shop_fountains
Lair:1:   layout_long_grid, minivault_11, minivault_24,
          cheibrodos_lair_reptile_den
Lair:2:   layout_cave_shapes, minivault_25, chequers_serial_rivers_small_b
Lair:3:   layout_misc_corridors, minmay_swamp_entry_worms,
          ebering_ghost_funeral_grove, cheibrodos_lair_lostbears
Lair:4:   layout_small_grid, spider_nest_entry_web_field, basic_altar,
          bobbens_dragon_lair_wall
Lair:5:   layout_gridlike, slime_dummy, minmay_lair_oklob_chamber,
          infiniplex_staircase_pool_2, uniq_snorg
Lair:6:   hangedman_lair_tendril_chambers, layout_long_grid, st_stairs_9,
          serial_bayou_shore_b
Swamp:1:  layout_basic_swamp, infiniplex_staircase_pool, uniq_frances
Swamp:2:  layout_basic_swamp, evilmike_swamp_ruin_wall, swamp_pool3
Swamp:3:  layout_basic_swamp, basic_altar, swamp_pool1, hangedman_swamp_lotus,
          hangedman_swamp_diagram
Spider:1: layout_spider_delve, hangedman_spider_mandibles,
          nicolae_spider_webbed_stairs, uniq_donald, uniq_nikola
Spider:2: layout_spider_delve
Spider:3: layout_spider_delve
Spider:4: guppyfry_spider_rune
Orc:1:    layout_caves, serial_shops
Orc:2:    st_orc_ogre_mass, layout_diamond_mine, basic_altar, roderic_batcave

Skill      XL: |  1  2  3  4  5  6  7  8  9 10 11 12 13 14 15 16 17 |
---------------+----------------------------------------------------+-----
Fighting       | 1 2 3 4 7 8 9 10 11 12 | 12.1
Stealth        | 2 3 5 7 9 |  9.0
Short Blades   | 2 3 4 5 7 9 10 11 12 | 12.6
Evocations     | 2 3 5 7 8 9 10 | 10.3
Invocations    | 1 4 6 8 9 12 | 12.0
Shields        | 2 4 6 8 10 | 10.1
Translocations | 3 4 6 |  6.0
Armour         | 3 6 7 |  7.3
Dodging        | 4 5 |  5.0
Spellcasting   | 3 5 |  5.0
Throwing       | 4 5 |  5.0
Hexes          | |  1.0

Action                   |  1- 3 |  4- 6 |  7- 9 | 10-12 | 13-15 | 16-18 || total
-------------------------+-------+-------+-------+-------+-------+-------++-------
Melee: Short sword       |   110 |   232 |   309 |   953 |  1709 |   570 ||  3883
       Spear             |       |       |     6 |     1 |       |       ||     7
       Rapier            |       |       |       |       |       |   317 ||   317
       Cutlass           |       |       |       |       |       |   544 ||   544
 Fire: Hunting sling     |    15 |     3 |     6 |       |       |       ||    24
Throw: Dart              |    13 |    12 |    28 |    29 |    43 |    51 ||   176
       Boomerang         |       |       |       |       |       |    92 ||    92
 Cast: Blink             |       |       |       |       |     2 |     2 ||     4
Invok: Wall of Briars    |       |       |       |     6 |       |     1 ||     7
       Grow Ballistomyce |       |       |       |     1 |     1 |     5 ||     7
       Grow Oklob        |       |       |       |       |     2 |       ||     2
 Abil: Evoke Invisibilit |       |       |    10 |    23 |    52 |    18 ||   103
Evoke: Wand              |       |       |     1 |    25 |    25 |    23 ||    74
       Tin of tremorston |       |       |       |       |    15 |     7 ||    22
  Use: Scroll            |       |     6 |     4 |     8 |    12 |     8 ||    38
 Stab: Sleeping          |     2 |     4 |     1 |    14 |    25 |     7 ||    53
       Distracted        |       |       |     1 |     1 |       |     2 ||     4
       Invisible         |       |       |    23 |    60 |   126 |    76 ||   285
       Paralysed         |       |       |       |     1 |     1 |     1 ||     3
       Petrified         |       |       |       |       |     1 |       ||     1
       Confused          |       |       |       |       |       |     6 ||     6
Armor: Robe              |    15 |       |       |       |       |       ||    15
       Leather armour    |    16 |    74 |    67 |    15 |       |       ||   172
       Steam dragon scal |       |       |       |   189 |   250 |       ||   439
       Fire dragon scale |       |       |       |       |    32 |     5 ||    37
       Acid dragon scale |       |       |       |       |       |   489 ||   489
Dodge: Dodged            |    56 |   151 |   179 |   330 |   395 |   494 ||  1605
Block: Buckler           |    26 |    68 |    83 |   148 |       |       ||   325
       Kite shield       |       |       |       |    80 |   890 |   787 ||  1757
       Reflection        |       |       |       |       |    37 |     7 ||    44
       Tower shield      |       |       |       |       |       |   353 ||   353

Table legend:
 A = Non-vault XP
 B = Vault XP
 C = Vault XP percentage of total XP
 D = Non-vault monster count
 E = Vault monster count
 F = Vault count percentage of total count
                 A         B        C        D         E       F
            +---------+---------+-------+---------+---------+-------
      Total |  186511 |   72204 |  27.9 |     849 |     251 |  22.8
            +---------+---------+-------+---------+---------+-------
        D:1 |      20 |       0 |   0.0 |      12 |       0 |   0.0
        D:2 |     170 |     275 |  61.8 |      29 |       7 |  19.4
        D:3 |      76 |       0 |   0.0 |      21 |       0 |   0.0
        D:4 |     327 |      20 |   5.8 |      16 |      19 |  54.3
        D:5 |     918 |     673 |  42.3 |      22 |       1 |   4.3
        D:6 |    1225 |       0 |   0.0 |      31 |       0 |   0.0
        D:7 |    1404 |    2349 |  62.6 |      29 |      19 |  39.6
        D:8 |    2637 |     975 |  27.0 |      17 |       5 |  22.7
        D:9 |    1411 |     958 |  40.4 |      18 |       2 |  10.0
       D:10 |    4830 |     600 |  11.0 |      44 |      10 |  18.5
       D:11 |    3128 |       0 |   0.0 |      13 |       0 |   0.0
       D:12 |    7073 |       0 |   0.0 |      33 |       0 |   0.0
       D:13 |    7037 |    1520 |  17.8 |      34 |      24 |  41.4
       D:14 |   14527 |    6931 |  32.3 |      37 |      26 |  41.3
       D:15 |   13632 |    7812 |  36.4 |      28 |      11 |  28.2
     Lair:1 |    5439 |     889 |  14.0 |      32 |       2 |   5.9
     Lair:2 |    2540 |       0 |   0.0 |      12 |       0 |   0.0
     Lair:3 |    5540 |    1164 |  17.4 |      34 |       5 |  12.8
     Lair:4 |    6687 |    5011 |  42.8 |      26 |      17 |  39.5
     Lair:5 |    6290 |    2968 |  32.1 |      20 |       9 |  31.0
     Lair:6 |    7334 |    8900 |  54.8 |      32 |      31 |  49.2
    Swamp:1 |    8274 |    2365 |  22.2 |      24 |       1 |   4.0
    Swamp:2 |   13191 |       0 |   0.0 |      39 |       0 |   0.0
    Swamp:3 |   10179 |       0 |   0.0 |      29 |       0 |   0.0
   Spider:1 |   19586 |    5862 |  23.0 |      52 |       2 |   3.7
   Spider:2 |    5943 |       0 |   0.0 |      17 |       0 |   0.0
   Spider:3 |   17005 |       0 |   0.0 |      51 |       0 |   0.0
   Spider:4 |    9270 |    8270 |  47.1 |      26 |      18 |  40.9
      Orc:1 |    4843 |       0 |   0.0 |      28 |       0 |   0.0
      Orc:2 |    5975 |   14662 |  71.0 |      43 |      42 |  49.4
            +---------+---------+-------+---------+---------+-------
